 Dungeon Crawl Stone Soup version 0.17-a0-1636-g3119f2b (webtiles) character file.

321168 Kold the Executioner (level 20, -2/186 HPs)
             Began as a Demonspawn Gladiator on Aug 1, 2015.
             Was the Champion of Qazlal.
             Slain by Mennas
             ... wielding a +3 scimitar of holy wrath
              (8 damage)
             ... on level 5 of the Vaults on Aug 6, 2015.
             The game lasted 02:34:39 (46937 turns).

Kold the Executioner (Demonspawn Gladiator)        Turns: 46937, Time: 02:34:39

Health: -2/186     AC: 17    Str: 21    XL:     20   Next: 98%
Magic:  0/27       EV: 38    Int:  9    God:    Qazlal [******]
Gold:   3164       SH:  8    Dex: 27    Spells: 1 memorised, 18 levels left

rFire  + . .     SeeInvis .     H - +7 executioner's axe (elec)
rCold  . . .     Clarity  .     m - +3 leather armour {rF+}
rNeg   + . .     SustAt   .     (no shield)
rPois  .         Gourm    .     e - +1 hat {Spirit}
rElec  .         Spirit   +     R - +0 cloak of the Okapi {rN+ Regen+ Dex+2}
rCorr  .         Warding  .     l - +0 pair of gloves
rMut   .         Stasis   .     (boots unavailable)
MR     ++...                    (no amulet)
Stlth  +.........               W - ring of protection from magic
                                u - +6 ring of evasion

@: agile, about to teleport, protected from physical damage, glowing, repel
missiles, very resistant to hostile enchantments, very unstealthy
A: talons 3, rugged brown scales 3, demonic guardian 2, powered by pain 2,
robust 1, spit poison 1, strong 1, augmentation 3
a: Spit Poison, Upheaval, Elemental Force, Disaster Area, Renounce Religion
}: 1/15 runes: barnacled


You were on level 5 of the Vaults.
You worshipped Qazlal.
Qazlal was exalted by your worship.
You were not hungry.

You visited 9 branches of the dungeon, and saw 43 of its levels.
You also visited: Labyrinth.

You collected 4430 gold pieces.
You spent 1266 gold pieces at shops.

Inventory:

Hand weapons
 H - a +7 executioner's axe of electrocution (weapon)
 L - a +0 hand axe of flaming
Missiles
 d - 12 throwing nets (quivered)
Armour
 e - a +1 hat of spirit shield (worn)
 l - a +0 pair of gloves (worn)
 m - a +3 leather armour of fire resistance (worn)
 C - a storm dragon hide
 R - the +0 cloak of the Okapi (worn) {rN+ Regen+ Dex+2}
   (You found it in a labyrinth)

   It affects your dexterity (+2).
   It protects you from negative energy.
   It increases your rate of regeneration.
Rods
 B - a +0 lightning rod (5/11)
   (You took it off a deep elf high priest on level 5 of the Vaults)
Jewellery
 a - an uncursed ring of protection from fire
 g - an uncursed amulet of resist mutation
 q - an uncursed ring of invisibility
 r - an uncursed ring of positive energy
 u - a +6 ring of evasion (left hand)
 S - an uncursed amulet of clarity
 V - an uncursed ring of wizardry
 W - a ring of protection from magic (right hand)
 Z - an uncursed ring of sustain attributes
Magical devices
 A - a wand of disintegration (2)
 G - a wand of paralysis (17)
 J - a wand of teleportation (3)
Scrolls
 h - 6 scrolls of fog
 j - 22 scrolls of remove curse
 o - 15 scrolls of identify
 v - 7 scrolls of magic mapping
 x - 8 scrolls of teleportation
 y - a scroll of silence
 E - 8 scrolls of fear
 N - a scroll of brand weapon
 O - 6 scrolls of recharging
 P - a scroll of blinking
 Y - a scroll of summoning
Potions
 b - 7 potions of curing
 c - a potion of invisibility
 f - a potion of berserk rage
 k - 5 potions of agility
 t - 3 potions of flight
 z - 4 potions of heal wounds
 K - a potion of cancellation
 T - a potion of resistance
Miscellaneous
 n - a fan of gales
Comestibles
 i - 3 bread rations
 p - a royal jelly
 s - 24 fruits
 w - 3 meat rations


   Skills:
 - Level 14.2 Fighting
 + Level 24.0 Axes
   Level 0.0 Crossbows
 - Level 2.0 Throwing
 - Level 13.1 Armour
 - Level 13.2 Dodging
   Level 5.0 Shields
 - Level 2.0 Translocations
 - Level 10.0 Invocations


You had 18 spell levels left.
You knew the following spells:

 Your Spells              Type           Power        Failure   Level  Hunger
a - Apportation           Tloc           #.........   21%         1    ##.....


Dungeon Overview and Level Annotations

Branches:
Dungeon (15/15)            Temple (1/1) D:6            Lair (8/8) D:11
 Shoals (4/4) Lair:3       Spider (2/4) Lair:5        Slime (1/6) Lair:8
    Orc (4/4) D:12            Elf (3/3) Orc:3        Vaults (5/5) D:13
  Crypt (0/3) Vaults:3     Depths (0/5) D:15

Altars:
Ashenzari
Cheibriados
Dithmenos
Elyvilon
Fedhas
Gozag
Kikubaaqudgha
Makhleb
Nemelex Xobeh
Okawaru
Qazlal
Ru
Sif Muna
Trog
Vehumet
Xom
Yredelemnul
Zin
The Shining One
Beogh
Lugonu

Shops:
Orc:4 ![}!   Elf:1 (   Vaults:1 !

Annotations:
Vaults:5 Mennas


Innate Abilities, Weirdness & Mutations

You have claws for feet.
You are completely covered in rugged brown scales (AC +3, +7% HP).
A demonic guardian rushes to your aid.
You sometimes gain power by taking damage.
Your magical and physical power is greatly enhanced at high health.
You are robust (+10% HP).
You can spit weak poison.
Your muscles are strong. (Str +2)


Message History

Okay, then.
You hear a shout!
Mennas becomes audible again.
Mennas blocks your soul eater's attack.
Mennas is struck by lightning.
Mennas gestures frantically.
Mennas is healed somewhat.
The vault sentinel blows a loud note on a signal horn!
You hear a shout!
Zapping:
J - a wand of teleportation (4)
Press: ? - help, Shift-Dir - straight line, f - you You feel strangely unstable.
This wand has 3 charges left.
Mennas hits you with a scimitar of holy wrath!
* * * LOW HITPOINT WARNING * * *
You convulse!
* * * LOW HITPOINT WARNING * * *
Mennas hits you with a scimitar of holy wrath.
* * * LOW HITPOINT WARNING * * *
You feel more protected from physical attacks.
You convulse!
You die...

#..# #..#
#..# #..#
D#.(#
##.#ยง3#
##(.#..#
##:..#.@#
##).p##3A#
##)...##..#
#(.c...#Dp#
#)))..#
##.(.(#
..........#
..........#
###########


You could see Mennas, a storm dragon, a vault sentinel, a friendly soul eater
and a friendly smoke demon.

Vanquished Creatures
  Norris (Elf:3)
  Nikola (Shoals:1)
  A golden dragon (Vaults:5)
  A deep elf master archer (Elf:3)
  A deep elf blademaster (Elf:2)
  2 krakens
  Kirke (Shoals:3)
  A storm dragon (Vaults:4)
  Roxanne (Elf:3)
  A tengu reaver (D:15)
  Ilsuiw (Shoals:4)
  3 deep elf sorcerers
  10 vault wardens
  2 frost giants
  2 fire giants
  Louise (Elf:1)
  An emperor scorpion (Spider:2)
  4 ironheart preservers
  3 deep elf demonologists
  4 very ugly things
  4 stone giants
  A vampire knight (Vaults:3)
  Nessos (Lair:5)
  2 deep elf annihilators
  2 ettins
  9 merfolk javelineers
  2 deep elf death magi
  5 merfolk impalers
  A minotaur (Lab)
  37 vault guards
  Josephine (Spider:1)
  8 yaktaur captains
  4 fire dragons
  3 deep elf high priests
  A rakshasa (Vaults:1)
  An entropy weaver (Spider:1)
  3 great orbs of eyes
  A catoblepas (D:15)
  An ice dragon (Vaults:2)
  2 merfolk avatars (Shoals:3)
  7 hydras
  5 centaur warriors
  13 dancing weapons (Elf:2)
  An alligator snapping turtle (Shoals:2)
  A queen ant (Lair:6)
  4 merfolk aquamancers
  9 ogre magi
  3 satyrs
  3 deep troll earth magi
  18 death yaks
  A tengu warrior (D:15)
  3 wizards
  6 orc high priests (Orc:4)
  29 deep elf knights
  3 shadow wraiths
  3 fire crabs
  2 skeletal warriors
  7 sea snakes
  3 unseen horrors
  4 deep trolls
  A flayed ghost (D:15)
  10 deep elf summoners
  2 necromancers
  2 phantasmal warriors
  A giant orange brain (Vaults:3)
  16 orc knights
  14 ugly things
  An anubis guard (shapeshifter) (Elf:3)
  5 hill giants
  6 ironbrand convokers
  31 harpies
  3 orb spiders (Spider:1)
  16 deep elf conjurers
  7 manticores
  6 water nymphs
  15 griffons
  13 wolf spiders
  7 orc sorcerers
  5 hornets
  A water nymph (shapeshifter) (Vaults:5)
  8 cyclopes
  11 black mambas
  An oklob plant (Lair:3)
  A frost giant skeleton (Vaults:2)
  6 sirens (Shoals:4)
  A black mamba (shapeshifter) (D:15)
  A guardian serpent (shapeshifter) (D:15)
  An orc zombie (Vaults:2)
  15 vault sentinels
  5 elephants (Lair:7)
  A gargoyle (D:15)
  5 kobold demonologists
  An orange crystal statue (Vaults:3)
  2 octopodes (shapeshifter)
  A yaktaur zombie (Vaults:2)
  12 spiny frogs
  A yaktaur (shapeshifter) (Vaults:1)
  4 demonic crawlers
  An efreet (D:15)
  A human zombie (Vaults:2)
  A redback zombie (D:15)
  27 yaktaurs
  8 freezing wraiths
  A small abomination (Elf:2)
  2 fire drakes
  8 deep elf priests
  7 komodo dragons
  3 polar bears (shapeshifter)
  A troll (shapeshifter) (Vaults:4)
  2 spriggan druids (Lair:8)
  A jumping spider (shapeshifter) (D:14)
  12 trolls
  24 blink frogs
  5 wind drakes
  The ghost of Torax the Twirler, an average DrWn of Kikubaaqudgha (D:5)
  18 two-headed ogres
  3 polar bears (Lair:8)
  10 jumping spiders
  Grinder (D:6)
  29 merfolk
  A sphinx simulacrum (Vaults:2)
  24 slime creatures
  A blink frog (shapeshifter) (D:15)
  2 boulder beetles (Vaults:1)
  A fire giant simulacrum (Vaults:2)
  11 snapping turtles
  2 wyverns
  A trapdoor spider (shapeshifter) (D:15)
  6 trapdoor spiders
  4 wraiths (Spider:1)
  3 fire bats (Shoals:3)
  A hog (Shoals:3)
  11 spriggans
  24 redbacks
  A centaur simulacrum (D:15)
  2 vampires
  6 water elementals
  5 tarantellas
  28 deep elf fighters
  22 deep elf magi
  3 humans (Shoals:3)
  A shadow (D:15)
  A steam dragon (D:14)
  Grum (D:9)
  15 wargs
  4 basilisks
  35 yaks
  7 hungry ghosts
  2 mottled dragons
  17 hippogriffs
  36 wolves
  Menkaure (D:6)
  The ghost of ldierk the Conjurer, an average DsCj of Vehumet (D:4)
  5 soldier ants (Lair:6)
  16 water moccasins
  32 vampire mosquitoes
  A swamp drake (D:11)
  57 orc warriors
  A porcupine (shapeshifter) (D:15)
  A sky beast (shapeshifter) (Vaults:1)
  4 ice beasts
  17 porcupines
  An eye of draining (D:9)
  2 phantoms
  3 wasps
  5 black bears (Lair:8)
  10 spiders
  19 crocodiles
  4 sky beasts
  A black bear (shapeshifter) (D:15)
  A necrophage (D:12)
  7 boggarts
  34 ogres
  4 big kobolds
  10 centaurs
  A gnoll sergeant (D:11)
  A wyvern zombie (D:13)
  A water moccasin zombie (D:6)
  9 scorpions
  13 giant frogs
  A water moccasin skeleton (D:12)
  8 wights
  2 electric eels
  9 hounds
  A human simulacrum (Vaults:1)
  6 centaur zombies
  6 crimson imps
  A wasp zombie (D:10)
  15 jellies
  2 giant frog skeletons
  27 worker ants
  34 orc priests
  41 orc wizards
  A quasit (D:11)
  Natasha (thrice) (D:4)
  7 centaur skeletons
  16 iguanas
  10 hell rats (Lair:5)
  30 sheep
  9 gnolls
  3 hound skeletons
  2 worker ant zombies
  55 river rats
  19 adders
  7 shadow imps
  An ooze (D:4)
  8 worms
  5 giant geckos
  321 orcs
  A ball python (D:4)
  6 hobgoblins
  16 jackals
  3 quokkas
  15 bats
  6 giant cockroaches
  A giant gecko zombie (D:5)
  3 giant newts
  10 goblins
  14 kobolds
  23 rats
  2 crawling corpses (Elf:2)
  61 fungi
  69 plants
  7 tentacles
  A tentacle segment (Shoals:1)
2089 creatures vanquished.

Vanquished Creatures (collateral kills)
  Saint Roka (Orc:4)
  A quicksilver dragon (Vaults:5)
  2 deep elf annihilators (Elf:3)
  A merfolk javelineer (Shoals:4)
  Snorg (D:14)
  A death yak (Lair:8)
  A lindwurm (Lair:6)
  The ghost of Oddball22 the Covert, an experienced OpWr of Dithmenos (D:7)
  2 harpies
  An orc knight (D:15)
  A centaur skeleton (D:15)
  A troll (D:8)
  Sigmund (D:3)
  3 yaks
  A wolf (D:9)
  A spider (D:10)
  3 ogres
  A crocodile (Lair:1)
  A scorpion (D:4)
  A wight (D:14)
  A jelly (Lair:8)
  A giant frog skeleton (D:5)
  A worker ant (D:4)
  A gnoll (D:11)
  2 oozes (Lair:8)
  6 orcs
  A crawling corpse (Elf:2)
  A plant (Lair:8)
40 creatures vanquished.

Vanquished Creatures (others)
  A tengu reaver (Vaults:5)
  An ironheart preserver (Vaults:5)
  A hydra (D:15)
  A wolf spider (shapeshifter) (D:15)
  A water nymph (Shoals:3)
  A deep elf mage (Elf:2)
  A human (Shoals:3)
  A deep elf fighter (Elf:2)
  An ogre (Vaults:5)
  A giant frog (Lair:3)
  2 sheep
  26 fungi
  20 plants
  12 tentacles
  607 tentacle segments
677 creatures vanquished.

Grand Total: 2806 creatures vanquished

Notes
Turn   | Place    | Note
--------------------------------------------------------------
     0 | D:1      | Kold the Demonspawn Gladiator began the quest for the Orb.
     0 | D:1      | Reached XP level 1. HP: 16/16 MP: 1/1
   154 | D:1      | Gained mutation: You are partially covered in rugged brown scales (AC +1, +3% HP). [demonic ancestry]
   154 | D:1      | Reached XP level 2. HP: 13/23 MP: 2/2
   429 | D:1      | Reached skill level 3 in Axes
   767 | D:2      | Gained mutation: You are mostly covered in rugged brown scales (AC +2, +5% HP). [demonic ancestry]
   767 | D:2      | Reached XP level 3. HP: 16/29 MP: 3/3
   775 | D:2      | Found a basalt altar of Yredelemnul.
  1193 | D:2      | Gained mutation: A weak demonic guardian rushes to your aid. [demonic ancestry]
  1193 | D:2      | Reached XP level 4. HP: 30/35 MP: 4/4
  1208 | D:2      | Reached skill level 4 in Axes
  1829 | D:2      | Found a deep blue altar of Sif Muna.
  2047 | D:3      | Noticed Sigmund
  2052 | D:3      | Killed Sigmund
  2052 | D:3      | Reached skill level 5 in Axes
  2052 | D:3      | Gained mutation: You have sharp toenails. [demonic ancestry]
  2052 | D:3      | Reached XP level 5. HP: 36/40 MP: 5/5
  2408 | D:3      | Gained mutation: You have razor-sharp toenails. [demonic ancestry]
  2408 | D:3      | Reached XP level 6. HP: 30/48 MP: 6/6
  2907 | D:3      | Reached skill level 6 in Axes
  2972 | D:3      | Found a snail-covered altar of Cheibriados.
  2978 | D:2      | Found a shadowy altar of Dithmenos.
  2978 | D:2      | Found a white marble altar of Elyvilon.
  2981 | D:2      | Found a sacrificial altar of Ru.
  3189 | D:4      | Found a burning altar of Makhleb.
  3231 | D:4      | Found an iron altar of Okawaru.
  3793 | D:4      | Found a stormy altar of Qazlal.
  3804 | D:4      | Became a worshipper of Qazlal Stormbringer
  3839 | D:4      | Reached XP level 7. HP: 49/53 MP: 7/7
  3848 | D:4      | Reached skill level 7 in Axes
  3900 | D:4      | Noticed Natasha
  3900 | D:4      | Noticed ldierk's ghost (average DsCj)
  3925 | D:4      | Killed Natasha
  4418 | D:4      | Noticed Natasha
  4422 | D:4      | Killed Natasha
  4435 | D:4      | Reached skill level 8 in Axes
  4674 | D:4      | Acquired Qazlal's first power
  4722 | D:4      | Killed ldierk's ghost
  4766 | D:5      | Entered Level 5 of the Dungeon
  4827 | D:4      | Reached XP level 8. HP: 21/59 MP: 8/8
  5042 | D:4      | Noticed Natasha
  5045 | D:4      | Killed Natasha
  5202 | D:5      | Reached skill level 9 in Axes
  5459 | D:5      | Noticed Torax's ghost (average DrWn)
  5465 | D:5      | Killed Torax's ghost
  5465 | D:5      | Reached skill level 10 in Axes
  5561 | D:5      | Gained mutation: You are frail (-10% HP). [mutagenic meat]
  5562 | D:5      | Gained mutation: You have an increased reservoir of magic (+10% MP). [mutagenic meat]
  5564 | D:5      | Gained mutation: You are agile. (Dex +2) [mutagenic meat]
  5565 | D:5      | Gained mutation: You are weak. (Str -2) [mutagenic meat]
  5566 | D:5      | Lost mutation: You are weak. (Str -2) [mutagenic meat]
  6313 | D:5      | Found a sparkling altar of Nemelex Xobeh.
  6573 | D:6      | Found a blossoming altar of Fedhas.
  6600 | D:6      | Noticed Grinder
  6603 | D:6      | Noticed Menkaure
  6746 | D:6      | Killed Menkaure
  6746 | D:6      | Gained mutation: You sometimes gain a little power by taking damage. [demonic ancestry]
  6746 | D:6      | Reached XP level 9. HP: 24/58 MP: 9/9
  6947 | D:6      | Killed Grinder
  6947 | D:6      | Reached skill level 11 in Axes
  6992 | D:6      | Acquired Qazlal's second power
  7106 | D:6      | Found a staircase to the Ecumenical Temple.
  7117 | Temple   | Entered the Ecumenical Temple
  7773 | D:7      | Noticed Oddball22's ghost (experienced OpWr)
  7809 | D:7      | Killed Oddball22's ghost
  7809 | D:7      | Reached skill level 12 in Axes
  8334 | D:8      | Found a deep blue altar of Sif Muna.
  8376 | D:8      | Learned a level 1 spell: Apportation
  8657 | D:8      | Found an ancient bone altar of Kikubaaqudgha.
  8851 | D:8      | Gained mutation: You are completely covered in rugged brown scales (AC +3, +7% HP). [potion of beneficial mutation]
  9186 | D:9      | Gained mutation: You sometimes gain power by taking damage. [demonic ancestry]
  9186 | D:9      | Reached XP level 10. HP: 65/65 MP: 11/11
  9191 | D:9      | Reached skill level 13 in Axes
  9365 | D:8      | Acquired Qazlal's third power
  9413 | D:9      | Found a radiant altar of Vehumet.
  9491 | D:9      | Noticed Grum
  9515 | D:9      | Killed Grum
 10057 | D:9      | Found a bloodstained altar of Trog.
 10144 | D:10     | Entered Level 10 of the Dungeon
 10178 | D:10     | Reached skill level 14 in Axes
 10217 | D:10     | Reached skill level 1 in Armour
 10217 | D:10     | Reached skill level 1 in Translocations
 10217 | D:10     | Reached skill level 1 in Invocations
 10752 | D:10     | Acquired Qazlal's fourth power
 11239 | D:10     | Gained mutation: Your magical and physical power is slightly enhanced at high health. [demonic ancestry]
 11239 | D:10     | Reached XP level 11. HP: 66/74 MP: 14/14
 11472 | D:11     | Got a dazzling hand crossbow
 11475 | D:11     | Identified the +10 hand crossbow "Setuddi" {penet, rF++ Str+5 Int-2} (You found it on level 11 of the Dungeon)
 11881 | D:11     | Reached skill level 5 in Fighting
 12279 | D:11     | Reached skill level 5 in Invocations
 12468 | D:11     | Reached skill level 5 in Dodging
 12583 | D:11     | Found a staircase to the Lair.
 12663 | Lair:1   | Entered Level 1 of the Lair of Beasts
 14077 | Lair:2   | Reached XP level 12. HP: 68/84 MP: 19/19
 14497 | Lair:2   | Found a glowing silver altar of Zin.
 14545 | Lair:1   | Identified 2 scrolls of acquirement
 15250 | Lair:3   | Reached skill level 10 in Invocations
 15357 | Lair:3   | Acquired Qazlal's fifth power
 15357 | Lair:3   | Reached skill level 15 in Axes
 15764 | Lair:3   | Found a staircase to the Shoals.
 15772 | Shoals:1 | Entered Level 1 of the Shoals
 15775 | Shoals:1 | Noticed Nikola
 15984 | Lair:4   | Noticed an eight-headed hydra
 16009 | Lair:4   | Killed an eight-headed hydra
 16102 | Lair:4   | Found a labyrinth entrance.
 16159 | Lab      | Entered a labyrinth
 17075 | Lab      | Noticed a minotaur
 17082 | Lab      | Killed a minotaur
 17090 | Lab      | Got a warped cloak
 17090 | Lab      | Got a wizard robe
 17099 | Lair:4   | Reached skill level 16 in Axes
 17201 | Lair:1   | Identified the +0 cloak of the Okapi {rN+ Regen+ Dex+2} (You found it in a labyrinth)
 17211 | Lair:1   | Identified the cursed +1 robe of Doipnuac {+Inv rN+ MP-9} (You found it in a labyrinth)
 17930 | Lair:5   | Found a hole to the Spider Nest.
 17962 | Lair:5   | Noticed Nessos
 18076 | Lair:5   | Killed Nessos
 18076 | Lair:5   | Mutation became permanent: You are completely covered in rugged brown scales (AC +3, +7% HP). [demonic ancestry]
 18076 | Lair:5   | Reached XP level 13. HP: 90/90 MP: 13/22
 18259 | Lair:5   | Reached skill level 5 in Armour
 18505 | Spider:1 | Entered Level 1 of the Spider Nest
 19302 | Lair:6   | Identified a +7 rod of the swarm (13/13) (You found it in a labyrinth)
 19329 | Lair:6   | Got a shimmering ring mail
 19340 | Lair:6   | Identified the +5 ring mail of Inference {rC- Str+7} (You found it on level 6 of the Lair of Beasts)
 21000 | Lair:7   | Reached XP level 14. HP: 104/104 MP: 23/23
 21454 | Lair:8   | Entered Level 8 of the Lair of Beasts
 21773 | Lair:7   | Reached skill level 10 in Fighting
 22166 | Lair:8   | Found a staircase to the Slime Pits.
 22201 | Slime:1  | Entered Level 1 of the Pits of Slime
 22577 | Lair:8   | Reached skill level 1 in Shields
 22596 | Lair:8   | Got an ancient silver amulet
 22658 | Lair:8   | Identified the amulet of the Firefly {Faith rN+} (You found it on level 8 of the Lair of Beasts)
 23346 | D:12     | Found a staircase to the Orcish Mines.
 23379 | Orc:1    | Entered Level 1 of the Orcish Mines
 24752 | Orc:3    | Found a staircase to the Elven Halls.
 24970 | Orc:4    | Entered Level 4 of the Orcish Mines
 25251 | Orc:3    | Reached skill level 5 in Shields
 25251 | Orc:3    | Gained mutation: Your magical and physical power is enhanced at high health. [demonic ancestry]
 25251 | Orc:3    | Reached XP level 15. HP: 74/113 MP: 24/24
 25710 | Orc:4    | Reached skill level 10 in Dodging
 26152 | Orc:4    | Found Zatefewyt's Distillery.
 26171 | Orc:4    | Bought a potion of poison for 14 gold pieces
 26171 | Orc:4    | Bought a potion of mutation for 35 gold pieces
 26182 | Orc:4    | Found a roughly hewn altar of Beogh.
 26268 | Orc:4    | Found Qiav's Gadget Shop.
 26468 | Orc:4    | Noticed Saint Roka
 26469 | Orc:4    | Found a roughly hewn altar of Beogh.
 26491 | Orc:4    | Killed Saint Roka
 26491 | Orc:4    | Reached skill level 10 in Armour
 26675 | Orc:4    | Found Uczosoz's Distillery.
 26689 | Orc:4    | Bought a potion of beneficial mutation for 455 gold pieces
 26689 | Orc:4    | Bought a potion of mutation for 32 gold pieces
 26689 | Orc:4    | Bought a potion of cure mutation for 455 gold pieces
 26695 | Orc:4    | Gained mutation: You have sharp fingernails. [potion of mutation]
 26696 | Orc:4    | Lost mutation: You have an increased reservoir of magic (+10% MP). [potion of cure mutation]
 26696 | Orc:4    | Lost mutation: You are frail (-10% HP). [potion of cure mutation]
 26696 | Orc:4    | Lost mutation: You are agile. (Dex +2) [potion of cure mutation]
 26696 | Orc:4    | Lost mutation: You have sharp fingernails. [potion of cure mutation]
 26697 | Orc:4    | Gained mutation: You can spit weak poison. [potion of beneficial mutation]
 26698 | Orc:4    | Gained mutation: You are robust (+10% HP). [potion of beneficial mutation]
 26759 | Orc:4    | Found Pofuta's Antique Armour Boutique.
 26769 | Orc:4    | Bought a pair of runed boots for 171 gold pieces
 26774 | Orc:4    | Identified a +1 pair of boots of running (You bought it in a shop on level 4 of the Orcish Mines)
 28143 | D:13     | Found a gate to the Vaults.
 28260 | D:14     | Got a faintly humming leather armour
 28294 | D:14     | Identified the +1 leather armour of the Wasteland {*Drain Str+7 Int+2 Dex+2} (You found it on level 14 of the Dungeon)
 28369 | D:14     | Noticed Snorg
 28377 | D:14     | Killed Snorg
 29217 | D:15     | Entered Level 15 of the Dungeon
 29475 | D:15     | Found an iron altar of Okawaru.
 29475 | D:15     | Found a blossoming altar of Fedhas.
 29476 | D:15     | Found an iron altar of Okawaru.
 29585 | D:15     | Gained mutation: Your magical and physical power is greatly enhanced at high health. [demonic ancestry]
 29585 | D:15     | Reached XP level 16. HP: 137/150 MP: 21/23
 30044 | D:14     | Upgraded the game from 0.17-a0-1614-g2062e81 to 0.17-a0-1621-gfc7a675
 30053 | D:14     | Upgraded the game from 0.17-a0-1621-gfc7a675 to 0.17-a0-1636-g3119f2b
 30231 | D:15     | Found a staircase to the Depths.
 30390 | D:15     | Noticed a tengu reaver
 30401 | D:15     | Killed a tengu reaver
 30411 | D:15     | Got a transparent lead amulet
 30513 | D:15     | Noticed a storm dragon
 31632 | Elf:1    | Entered Level 1 of the Elven Halls
 31867 | Elf:1    | Identified the amulet of Lohuph {Faith Str+4} (You took it off a tengu reaver on level 15 of the Dungeon)
 32097 | Elf:1    | Found Wiemycae's Antique Weapon Boutique.
 32114 | Elf:1    | Noticed Louise
 32143 | Elf:1    | Killed Louise
 32177 | Elf:1    | Bought a runed broad axe for 104 gold pieces
 32190 | Elf:1    | Got a slimy chain mail
 32191 | Elf:1    | Identified the +2 chain mail "Usmate" {Dex+6} (You acquired it on level 1 of the Elven Halls)
 32269 | Elf:1    | Noticed a Shadow Fiend
 32740 | Elf:1    | Gained mutation: You have claws for feet. [demonic ancestry]
 32740 | Elf:1    | Reached XP level 17. HP: 161/161 MP: 24/24
 33433 | Elf:2    | Found a runed gate.
 33433 | Elf:2    | Found a runed gate.
 33433 | Elf:2    | Found a runed gate.
 33585 | Elf:3    | Entered Level 3 of the Elven Halls
 33585 | Elf:3    | Noticed Norris
 34223 | Elf:3    | Killed Norris
 34272 | Elf:3    | Noticed Roxanne
 34296 | Elf:3    | Killed Roxanne
 34813 | Elf:3    | Reached skill level 17 in Axes
 35403 | Shoals:1 | Killed Nikola
 36150 | Shoals:1 | Noticed a kraken
 36163 | Shoals:1 | Killed a kraken
 36309 | Shoals:2 | Reached XP level 18. HP: 144/170 MP: 21/25
 36316 | Shoals:2 | Reached skill level 18 in Axes
 37333 | Shoals:3 | Noticed Kirke
 37338 | Shoals:3 | Killed Kirke
 38142 | Shoals:4 | Entered Level 4 of the Shoals
 38151 | Shoals:4 | Reached skill level 19 in Axes
 38421 | Shoals:4 | Noticed Ilsuiw
 38489 | Shoals:4 | Killed Ilsuiw
 39892 | Shoals:4 | Got a barnacled rune of Zot
 40081 | Spider:1 | Reached skill level 20 in Axes
 40456 | Spider:1 | Noticed Josephine
 40461 | Spider:1 | Killed Josephine
 40499 | Spider:1 | Reached XP level 19. HP: 169/177 MP: 24/26
 41713 | Vaults:1 | Entered Level 1 of the Vaults
 41726 | Vaults:1 | Found Syzifi Qiwo's Distillery.
 42151 | Vaults:1 | Reached skill level 21 in Axes
 44074 | Vaults:2 | Reached skill level 22 in Axes
 44672 | Vaults:3 | Gained mutation: Your muscles are strong. (Str +2) [potion of beneficial mutation]
 44942 | Vaults:3 | Found a staircase to the Crypt.
 44998 | Vaults:3 | Gained mutation: A demonic guardian rushes to your aid. [demonic ancestry]
 44998 | Vaults:3 | Reached XP level 20. HP: 167/186 MP: 23/27
 45358 | Vaults:3 | Got a citrine-encrusted chain mail
 45366 | Vaults:3 | Identified the cursed +0 chain mail "Lolodgh" {MR+ Str+3} (You found it on level 3 of the Vaults)
 45992 | Vaults:4 | Reached skill level 23 in Axes
 46865 | Vaults:5 | Entered Level 5 of the Vaults
 46865 | Vaults:5 | Noticed a golden dragon
 46876 | Vaults:5 | Noticed Mennas
 46882 | Vaults:5 | Killed a golden dragon
 46909 | Vaults:5 | Reached skill level 24 in Axes
 46937 | Vaults:5 | HP: 6/186 [Mennas/scimitar of holy wrath (6)]
 46937 | Vaults:5 | Slain by Mennas

Vault maps used:
D:1:      elethiomel_arrival_shortcut
D:2:      led_sif_pool, lemuel_round_altar, nicolae_overflow_hidden_temple,
          corexii_shack
D:3:      cheibriados_altar_1, uniq_sigmund
D:4:      grunt_qazlal_sundering, lightli_temple_of_fire,
          nicolae_overflow_crystal_walls, grunt_ministairs_4, uniq_natasha
D:5:      kennysheep_little_box, first_bread, kennysheep_small_circle
D:6:      minmay_temple_entry_junction, fedhas_bush_and_centaur_altar,
          uniq_grinder, uniq_menkaure
D:8:      kiku_gazebo_garden_becter, basic_altar
D:9:      vehumet_crystals, lemuel_round_altar, the_bakery, uniq_grum
D:10:     old_forge, spider_trap, kennysheep_generic_room_2
D:11:     erik_lair_dragon
D:12:     minmay_orc_entry_guard_dogs
D:13:     erik_vaults_2
D:14:     minmay_crystal_room, uniq_snorg
D:15:     hangedman_slaughterboxes
Temple:   corrupted_temple
Lair:1:   st_stairs_5, lemuel_fruit_tree, lemuel_fruit_fields
Lair:2:   basic_altar, grunt_megastairs_3
Lair:3:   dpeg_oklob_shooting_range, elwin_shoals_entry_rooms
Lair:4:   lab_entry_generic, infiniplex_staircase_pool_2
Lair:5:   lemuel_ratsnest, spider_nest_entry_web_field,
          infiniplex_staircase_pool, uniq_nessos
Lair:6:   wad_woods_antlair, grunt_megastairs_1
Lair:8:   minmay_lair_end_enchanted_forest, minmay_slime_entry_jelly_boxes
Shoals:1: uniq_nikola
Shoals:3: hangedman_shoal_volcano, uniq_kirke
Shoals:4: shoals_end_simple, shoals_ilsuiw_alternative
Spider:1: uniq_josephine
Spider:2: einodemon_crawler_minivault, hangedman_spider_tarantella_strand
Orc:2:    nooodl_orcs_dogs
Orc:3:    nicolae_orc_pool_cavern, minmay_orc_barracks
Orc:4:    pubby_orc_utopia, serial_shops
Elf:1:    elf_arrival_002, serial_shops, shop, minivault_28, grunt_ministairs_3,
          uniq_louise
Elf:3:    minmay_elf_hall_quartered_circle, moated_statue,
          basic_stair_grate_trap, uniq_roxanne, uniq_wiglaf, uniq_norris
Vaults:1: v_pattern_2, ontoclasm_vaults_hangar, v_misc_27,
          nicolae_vaults_three_branches, vaults_standard_mumra_lines,
          st_squares, hangedman_vaults_maws, vaults_room_grunt_arrival_ludios,
          serial_shops, nicolae_shop_crystal
Vaults:2: hangedman_vaults_pinch, hangedman_vaults_corner, v_misc_11,
          grunt_vaults_twisty, vaults_room_grid,
          vaults_mumra_minichess_inversion, v_alt_pattern_1
Vaults:3: vaults_room_hallway, minmay_crypt_entry_simple_walls,
          hangedman_vaults_stagger, v_misc_32, hangedman_vaults_stitches,
          hangedman_vaults_stretched_pinwheel, nicolae_vaults_statue_guard,
          nicolae_vaults_little_squares_5, vaults_mumra_chevron_long,
          nicolae_vaults_circle_grid_a, vaults_mumra_hexcomb, v_misc_24
Vaults:4: v_misc_10, v_pattern_4, v_misc_18, vaults_room_ringed_pool,
          ontoclasm_vaults_tryst, vaults_room_grunt_arrival_checkpoint,
          hangedman_vaults_slice, hangedman_vaults_variations,
          ontoclasm_vaults_fault, nicolae_vaults_murderbox, vaults_dpeg_ring,
          nicolae_vaults_theta, vaults_room_stairs_pillars, vaults_dpeg_cross
Vaults:5: uniq_mennas
Lab:      labyrinth_spiral, nicolae_lab_quarters

Action                   |  1- 3 |  4- 6 |  7- 9 | 10-12 | 13-15 | 16-18 | 19-21 || total
-------------------------+-------+-------+-------+-------+-------+-------+-------++-------
Melee: War axe           |   115 |   186 |   395 |   779 |  1659 |   585 |       ||  3719
       Morningstar       |       |       |       |       |    18 |       |       ||    18
       Hand axe          |       |       |       |       |    16 |     4 |       ||    20
       Executioner's axe |       |       |       |       |       |   489 |   688 ||  1177
Throw: Tomahawk          |       |       |       |     9 |       |       |       ||     9
       Throwing net      |       |       |       |     3 |       |     1 |       ||     4
 Cast: Apportation       |       |       |       |       |       |     3 |       ||     3
Invok: Upheaval          |       |       |       |     7 |    12 |    25 |     2 ||    46
       Disaster Area     |       |       |       |       |     3 |       |     5 ||     8
       Elemental Force   |       |       |       |       |     3 |     4 |       ||     7
Evoke: Wand              |       |       |       |     1 |       |       |     1 ||     2
       Rod               |       |       |       |       |     2 |       |       ||     2
       Fan of gales      |       |       |       |       |     1 |     1 |       ||     2
  Use: Scroll            |       |       |    11 |    15 |     4 |    23 |     4 ||    57
       Potion            |       |       |     7 |     7 |     6 |     3 |     8 ||    31
 Stab: Sleeping          |       |     2 |       |       |       |       |       ||     2
       Distracted        |       |       |     1 |     7 |     7 |     9 |     3 ||    27
       Held in net/web   |       |       |       |     7 |       |       |       ||     7
       Invisible         |       |       |       |    16 |       |       |       ||    16
       Paralysed         |       |       |       |     3 |       |       |       ||     3
       Fleeing           |       |       |       |       |       |     1 |       ||     1
  Eat: Chunk             |     1 |     9 |    18 |    23 |    37 |    31 |    19 ||   138
       Bread ration      |       |       |     1 |       |       |       |       ||     1
       Meat ration       |       |       |       |     1 |       |     1 |       ||     2
       Fruit             |       |       |       |     1 |       |       |     4 ||     5
       Beef jerky        |       |       |       |     1 |       |       |       ||     1
       Pizza             |       |       |       |       |     1 |       |       ||     1
